 Dungeon Crawl Stone Soup version 0.20.1-1-g8b1a95d (webtiles) character file.

243 Irenicus the Tainter (level 6, 0/49 HPs)
             Began as a Naga Venom Mage on Nov 15, 2017.
             Slain by an iguana (14 damage)
             ... on level 4 of the Dungeon.
             The game lasted 00:09:43 (980 turns).

Irenicus the Tainter (Naga Venom Mage)               Turns: 980, Time: 00:09:43

Health: 0/49       AC:  3    Str: 11    XL:     6   Next: 9%
Magic:  1/15       EV: 12    Int: 15    God:
Gold:   36         SH:  0    Dex: 13    Spells: 16/17 levels left

rFire    . . .     SeeInvis +   (no weapon)
rCold    . . .     Gourm    .   (no shield)
rNeg     . . .     Faith    .   m - +0 leather armour
rPois    +         Spirit   .   (no helmet)
rElec    .         Reflect  .   (no cloak)
rCorr    +         Harm     .   (no gloves)
MR       .....                  (no barding)
Stlth    ++........             (no amulet)
Regen    0.2/turn               h - ring of resist corrosion
MPRegen  0.2/turn               (no ring)

@: short of breath, very slow
A: see invisible, deformed body, poison resistance, slowness 2, slow metabolism
1, spit poison 1, AC +2
a: Spit Poison


You were on level 4 of the Dungeon.
You were very hungry.

You visited 1 branch of the dungeon, and saw 3 of its levels.

You collected 36 gold pieces.

Inventory:

Armour
 m - a +0 leather armour (worn)
Jewellery
 h - a ring of resist corrosion (left hand)
Scrolls
 a - a scroll of fog {unknown}
 d - a scroll of enchant armour {unknown}
 e - a scroll of identify {unknown}
 g - 2 scrolls of remove curse {unknown}
 j - 2 scrolls of teleportation {unknown}
Potions
 l - a potion of resistance {unknown}
 n - a potion of might {unknown}
Books
 b - a Young Poisoner's Handbook

   Spells                             Type                      Level
   a - Sting                          Conjuration/Poison           1
   b - Poisonous Vapours              Poison/Air                   2
   c - Mephitic Cloud                 Conjuration/Poison/Air       3
   d - Olgreb's Toxic Radiance        Poison                       4
   e - Venom Bolt                     Conjuration/Poison           5
Comestibles
 c - a bread ration
 k - a meat ration


   Skills:
 - Level 5.7 Dodging
 - Level 3.0 Stealth
 - Level 6.3 Spellcasting
 - Level 1.0 Conjurations
 + Level 11.0 Poison Magic


You had 16 spell levels left.
You knew the following spells:

 Your Spells              Type           Power        Failure   Level  Hunger
a - Sting                 Conj/Pois      ###.         1%          1    None


Dungeon Overview and Level Annotations

Branches:
Dungeon (2/15)             Temple (0/1) D:4

Altars:
Ashenzari
Elyvilon
Trog


Innate Abilities, Weirdness & Mutations

You cannot wear boots.
Your serpentine skin is tough. (AC +2)
You have supernaturally acute eyesight. (SInv)
Armour fits poorly on your strangely shaped body.
Your system is resistant to poisons. (rPois)
You cover ground very slowly.
You have a slow metabolism.
You can spit poison.


Message History

You miss the frilled lizard.
The frilled lizard is heavily wounded.
The frilled lizard bites you but does no damage.
You smack the frilled lizard!
You kill the frilled lizard!
You hit the iguana.
The iguana is moderately wounded.
The iguana bites you but does no damage.
You smack the iguana!
The iguana is almost dead.
You feel less wooden.
Your +0 leather armour unmelds from your body.
The iguana bites you!
* * * LOW HITPOINT WARNING * * *
Press: ? - help, Shift-Dir - straight line, f - iguana
Aim: an iguana (almost dead)
The splash of poison hits the iguana.
The iguana appears unharmed.
The iguana is almost dead.
You feel slightly more hungry. The iguana bites you!
You die...

......
......#.
........
##### ......
.....
#....#.#..
#...#.#.#
#..#.#.#.#
#..l#.>.#
#..#@#.#.#
###...#)#.#
+......#.#..
###..........
#.#.#####..#
#.#.# .#
#.#.# .#
#.#.# #.#


You could see an iguana.

Vanquished Creatures
  3 hounds (D:4)
  A worker ant (D:4)
  A gnoll (D:1)
  2 adders
  An adder skeleton (D:4)
  2 dart slugs
  A leopard gecko (D:1)
  An orc (D:4)
  4 giant cockroaches (D:1)
  A goblin (D:1)
  6 hobgoblins
  A quokka (D:2)
  5 bats
  4 frilled lizards
  5 kobolds
  5 rats
43 creatures vanquished.

Notes
Turn   | Place    | Note
-------+----------+-------------------------------------------
     0 | D:1      | Irenicus the Naga Venom Mage began the quest for the Orb.
     0 | D:1      | Reached XP level 1. HP: 15/15 MP: 3/3
   187 | D:1      | Reached XP level 2. HP: 22/22 MP: 3/5
   244 | D:1      | Reached skill level 5 in Poison Magic
   417 | D:1      | Reached XP level 3. HP: 11/28 MP: 0/6
   645 | D:2      | Reached skill level 6 in Poison Magic
   774 | D:2      | Reached XP level 4. HP: 31/36 MP: 2/7
   780 | D:2      | Found a shattered altar of Ashenzari.
   807 | D:2      | Found a bloodstained altar of Trog.
   863 | D:2      | Found a bloodstained altar of Trog.
   879 | D:2      | Found a white marble altar of Elyvilon.
   927 | D:2      | You fall through a shaft for 2 floors!
   928 | D:4      | Found a staircase to the Ecumenical Temple.
   936 | D:4      | Reached skill level 5 in Dodging
   936 | D:4      | Reached skill level 10 in Poison Magic
   936 | D:4      | Reached XP level 5. HP: 33/42 MP: 7/13
   972 | D:4      | Reached skill level 11 in Poison Magic
   972 | D:4      | Reached XP level 6. HP: 39/49 MP: 0/15
   980 | D:4      | Slain by an iguana

Skill      XL: |  1  2  3  4  5 |
---------------+----------------+-----
Poison Magic   | 5 6 10 11 | 11.0
Dodging        | 5 |  5.7
Spellcasting   | 6 |  6.3
Stealth        | |  3.0
Conjurations   | |  1.0

Action                   |  1- 3 |  4- 6 || total
-------------------------+-------+-------++-------
Melee: Unarmed           |     3 |    31 ||    34
 Cast: Sting             |    33 |    12 ||    45
 Abil: Spit Poison       |    25 |     2 ||    27
  Use: Potion            |       |     2 ||     2
 Stab: Sleeping          |     1 |       ||     1
  Eat: Chunk             |       |     1 ||     1
Armor: Leather armour    |     4 |       ||     4
       Skin              |       |    56 ||    56
Dodge: Dodged            |    12 |     4 ||    16
